 Dungeon Crawl Stone Soup version 0.17.1-1-g73c8601 (webtiles) character file.

11715096 Miyamura the Annihilator (level 27, 204/204 HPs)
             Began as a Deep Elf Fire Elementalist on Dec 11, 2015.
             Was the Champion of Vehumet.
             Escaped with the Orb
             ... and 15 runes on Dec 13, 2015!
             The game lasted 14:58:53 (140961 turns).

Miyamura the Annihilator (DEFE)                   Turns: 140961, Time: 14:58:54

Health: 204/204    AC: 30    Str:  8    XL:     27
Magic:  74/74      EV: 26    Int: 43    God:    Vehumet [******]
Gold:   9637       SH:  8    Dex: 15    Spells: 13 memorised, 5 levels left

rFire  + + .     SeeInvis .     m - +10 short sword "Utoogh" {flame, *Drain rPois rF++}
rCold  + + +     Clarity  +     n - +4 troll leather armour of Disaster {Regen+ rCorr MP+9 Slay+3}
rNeg   + + +     SustAt   +     C - +3 buckler {reflect}
rPois  ∞         Gourm    .     E - +2 helmet {Int+3}
rElec  +         Spirit   .     V - +2 cloak {rC+}
rCorr  +         Warding  +     F - +1 pair of gloves of Geizopel {Int+3 Slay+2 Stlth+}
rMut   .         Stasis   .     s - +2 pair of boots of Ygoow {rN+ MR+ Slay+2}
MR     +++++                    W - macabre finger necklace {Ward rN+}
Stlth  ++........               O - ring "Hitaxta" {Wiz rElec MP+9 Int+3}
                                b - ring of sustain attributes
                                y - ring of Itorarel {rC+ MR+ Str+3 Slay+3 Stlth+}

@: lich-form, delayed fireball, repel missiles, almost entirely resistant to
hostile enchantments, unstealthy
A: icy blue scales 2, rugged brown scales 1, clarity, magic resistance 1,
mutation resistance 1, shaggy fur 1
a: End Transformation, Renounce Religion, Release Delayed Fireball
0: Orb of Zot
}: 15/15 runes: decaying, slimy, silver, golden, iron, obsidian, icy, bone,
abyssal, demonic, glowing, magical, fiery, dark, gossamer


You escaped.
You worshipped Vehumet.
Vehumet was exalted by your worship.
You were not hungry.
You were a lich.
You visited 18 branches of the dungeon, and saw 95 of its levels.
You visited Pandemonium 3 times, and saw 22 of its levels.
You visited the Abyss 5 times.
You visited 1 bazaar.
You visited 2 ziggurats, and saw 35 of their levels (deepest: 19).
You also visited: Labyrinth, Trove, Bailey, Ice Cave and Volcano.

You collected 15376 gold pieces.
You spent 5723 gold pieces at shops.

Inventory:

Hand Weapons
 m - the +10 short sword "Utoogh" (weapon) {flame, *Drain rPois rF++}
   (You found it on level 2 of the Crypt)

   It has been specially enchanted to burn those struck by it, causing extra
   injury to most foes and up to half again as much damage against particularly
   susceptible opponents.
   It greatly protects you from fire.
   It protects you from poison.
   It causes draining when unequipped.
 w - a +9 eudemon blade of holy wrath
 H - the +12 lajatang of Veoshrat {slice, Dex+4 Stlth+}
   (You found it on level 3 of the Tomb of the Ancients)

   It inflicts extra damage upon your enemies.
   It affects your dexterity (+4).
   It makes you more stealthy.
 U - the cursed +14 obsidian axe {chop, +Fly Str+3 SInv *Curse}
   (You found it on level 7 of Tartarus)

   It inflicts extra damage upon your enemies.
   It affects your strength (+3).
   It lets you see invisible.
   It lets you fly.
   It may re-curse itself when equipped.
   It has a curse placed upon it.
 Z - the +9 Staff of Wucad Mu {channel}
   (You found it on level 17 of a ziggurat)
Armour
 n - the +4 troll leather armour of Disaster (worn) {Regen+ rCorr MP+9 Slay+3}
   (You took it off a deep elf conjurer on level 3 of the Elven Halls)

   It affects your accuracy and damage with ranged weapons and melee attacks
   (+3).
   It affects your magic capacity (+9).
   It increases your rate of regeneration.
   It protects you from acid and corrosion.
 s - the +2 pair of boots of Ygoow (worn) {rN+ MR+ Slay+2}
   (You found it on level 16 of a ziggurat)

   It affects your accuracy and damage with ranged weapons and melee attacks
   (+2).
   It protects you from negative energy.
   It affects your resistance to hostile enchantments.
 C - a +3 buckler of reflection (worn)
 E - a +2 helmet of intelligence (worn)
 F - the +1 pair of gloves of Geizopel (worn) {Int+3 Slay+2 Stlth+}
   (You found it on level 10 of a ziggurat)

   It affects your intelligence (+3).
   It affects your accuracy and damage with ranged weapons and melee attacks
   (+2).
   It makes you more stealthy.
 V - a +2 cloak of cold resistance (worn)
Jewellery
 b - a ring of sustain attributes (left hand)
 y - the ring of Itorarel (on amulet) {rC+ MR+ Str+3 Slay+3 Stlth+}
   (You found it on level 13 of a ziggurat)

   [ring of strength]

   It affects your strength (+3).
   It affects your accuracy and damage with ranged weapons and melee attacks
   (+3).
   It protects you from cold.
   It affects your resistance to hostile enchantments.
   It makes you more stealthy.
 O - the ring "Hitaxta" (right hand) {Wiz rElec MP+9 Int+3}
   (You found it on level 5 of a ziggurat)

   [ring of wizardry]

   It improves your spell success rate.
   It affects your intelligence (+3).
   It insulates you from electricity.
   It affects your magic capacity (+9).
 T - the amulet of Cekugob {Ward -Tele rElec rPois rN++ AC+1 EV+1}
   (You found it on level 16 of a ziggurat)

   [amulet of warding]

   It may prevent the melee attacks of summoned creatures.
   It affects your AC (+1).
   It affects your evasion (+1).
   It insulates you from electricity.
   It protects you from poison.
   It greatly protects you from negative energy.
   It prevents most forms of teleportation.
 W - the macabre finger necklace (around neck) {Ward rN+}
   (You found it on level 7 of Tartarus)

   [amulet of warding]

   It may prevent the melee attacks of summoned creatures.
   It protects you from negative energy.
Wands
 d - a wand of heal wounds (6)
 h - a wand of digging (10)
 G - a wand of teleportation (7)
 L - a wand of hasting (3)
Scrolls
 l - 5 scrolls of holy word
 t - 39 scrolls of remove curse
 v - a scroll of magic mapping
 x - 2 scrolls of torment
 z - 3 scrolls of identify
 B - 18 scrolls of teleportation
 D - 5 scrolls of blinking
 P - 9 scrolls of recharging
 Q - 15 scrolls of fog
 S - 5 scrolls of summoning
Potions
 a - 3 potions of flight
 g - 5 potions of agility
 i - 17 potions of might
 o - 26 potions of curing
 q - 5 potions of haste
 u - 10 potions of brilliance
 A - 2 potions of heal wounds
 I - 2 potions of magic
 K - 3 potions of resistance
 M - 12 potions of cure mutation {!q}
 N - 6 potions of cancellation
Miscellaneous
 e - a stone of tremors
 f - a crystal ball of energy
 j - a disc of storms
 k - 4 phantom mirrors
 p - a fan of gales
 r - a sack of spiders {used: 1}
 J - a phial of floods
 R - a legendary deck of wonders {Focus, drawn: 1}
 X - a box of beasts
 Y - a lamp of fire
Comestibles
 c - 17 bread rations


   Skills:
 O Level 27 Fighting
 - Level 11.6 Short Blades
 + Level 24.4 Dodging
 - Level 4.0 Stealth
 - Level 5.2 Shields
 O Level 27 Spellcasting
 O Level 27 Conjurations
 - Level 7.3 Charms
 - Level 22.0 Necromancy
 - Level 19.3 Translocations
 - Level 22.2 Transmutations
 - Level 25.4 Fire Magic
 - Level 15.2 Ice Magic
 - Level 20.0 Air Magic
 O Level 27 Evocations


You had 5 spell levels left.
You knew the following spells:

 Your Spells              Type           Power        Failure   Level  Hunger
b - Blink                 Tloc           N/A          0%          2    N/A
c - Controlled Blink      Tloc           N/A          1%          8    N/A
d - Orb of Destruction    Conj           ########..   0%          7    N/A
f - Fire Storm            Conj/Fire      ########..   1%          9    N/A
g - Glaciate              Conj/Ice       ########..   1%          9    N/A
h - Haste                 Chrm           #######.     1%          6    N/A
i - Fireball              Conj/Fire      ########..   0%          5    N/A
l - Sublimation of Blood  Necr           #########.   0%          2    N/A
n - Necromutation         Trmt/Necr      #########.   1%          8    N/A
t - Tornado               Air            ########..   1%          9    N/A
w - Swiftness             Chrm/Air       ########     0%          2    N/A
R - Repel Missiles        Chrm/Air       ######       0%          2    N/A
S - Statue Form           Trmt/Erth      ########.    1%          6    N/A

Dungeon Overview and Level Annotations

Branches:
Dungeon (15/15)            Temple (1/1) D:4            Lair (8/8) D:8
  Swamp (4/4) Lair:4       Spider (4/4) Lair:6        Slime (6/6) Lair:7
    Orc (4/4) D:11            Elf (3/3) Orc:4        Vaults (5/5) D:14
  Crypt (3/3) Vaults:2       Tomb (3/3) Crypt:3      Depths (5/5) D:15
   Hell (1/1)                 Dis (7/7) Hell            Geh (7/7) Hell
    Coc (7/7) Hell            Tar (7/7) Hell            Zot (5/5) Depths:5

Altars:
Ashenzari
Cheibriados
Dithmenos
Elyvilon
Fedhas
Gozag
Kikubaaqudgha
Makhleb
Nemelex Xobeh
Okawaru
Qazlal
Ru
Sif Muna
Trog
Vehumet
Xom
Yredelemnul
Zin
The Shining One

Shops:
D:4 [   D:14 [   Orc:1 =   Orc:3 [   Orc:4 :*[(   Vaults:1 (   Vaults:2 *
Depths:2 (   Depths:5 !

Portals:
Hell: Depths:1 Depths:2 Depths:3 Depths:4 Depths:5
Abyss: Depths:1 Depths:4
Pandemonium: Depths:3 Depths:4

Annotations:
Elf:2 3 runed doors


Innate Abilities, Weirdness & Mutations

You are mostly covered in icy blue scales (AC +3, EV -1).
You are partially covered in rugged brown scales (AC +1, +3% HP).
You possess an exceptional clarity of mind.
You are resistant to hostile enchantments.
You are somewhat resistant to further mutation.
You are covered in fur (AC +1).


Message History

You puncture the soul eater! You burn the soul eater.
The soul eater is heavily wounded.
You impale the soul eater!! You burn the soul eater.
The soul eater is almost dead.
The soul eater hits you but does no damage.
You hit the soul eater but do no damage.
The soul eater is almost dead.
The soul eater barely misses you.
You hit the soul eater. You burn the soul eater.
You kill the soul eater!
Vehumet accepts your kill.
You feel your power returning.
No target in view!
There is a stone staircase leading up here.
You climb upwards.
There is a stone staircase leading down here.
You enter the shallow water.
Moving in this stuff is going to be slow.
There is a staircase leading out of the dungeon here.
You have escaped!

#........†..# #.#####.#
#.#########.#########.# #.# #.#
#...........# #.## #.#
######################..# #.#
#≈≈≈≈≈≈≈≈≈≈≈≈≈≈≈##...#..# #.#
#≈≈≈≈≈.....≈≈≈≈≈#..#.....
#.####≈≈....≈≈≈....≈≈##...##.#
#...##≈...≈≈≈.≈≈≈...≈#######.#
###.##≈..≈≈≈.L..≈≈..≈# #.#
#.##≈...≈≈≈.≈≈≈...≈# #.#
#.##≈≈....≈≈≈....≈≈# #.#
#.##≈≈≈≈≈.....≈≈≈≈≈# #..
#.##≈≈≈≈≈≈≈.≈≈≈≈≈≈≈# ###
#.#########.################
#.##.##.....................
######.##.##.#.####.#######......
.............#.# #.# #.#####


There were no monsters in sight!

Vanquished Creatures
  Cerebov (Pan)
  Antaeus (Coc:7)
  Asmodeus (Geh:7)
  the royal jelly (Slime:6)
  Ereshkigal (Tar:7)
  Gloorx Vloq (Pan)
  the Serpent of Hell (Tar:7)
  A seraph (Pan)
  Mnoleg (Pan)
  Lom Lobon (Pan)
  Dispater (Dis:7)
  9 ancient liches
  9 orbs of fire
  Mara (Crypt:2)
  Mennas (Crypt:3)
  A juggernaut (Depths:5)
  The ghost of Yermak the Imperceptible, a legendary FoAr of Zin (Zig:11)
  36 greater mummies
  Sojobo (Vaults:4)
  11 shard shrikes
  Margery (Depths:1)
  Norris (Spider:3)
  Saint Roka (Depths:4)
  4 Killer Klowns
  11 pandemonium lords
  2 curse toes
  Geryon (Hell)
  the Enchantress (Depths:2)
  13 golden dragons
  9 bone dragons
  A pearl dragon (Pan)
  32 Brimstone Fiends
  The ghost of JokEr the Slayer, an adept GrFi of Okawaru (Depths:3)
  6 electric golems
  19 tentacled monstrosities
  Rupert (Vaults:4)
  14 liches
  23 Orb Guardians
  10 Hell Sentinels
  18 Ice Fiends
  Asterion (Vaults:3)
  A deep elf blademaster (Zig:10)
  24 Shadow Fiends
  5 quicksilver dragons
  3 deep elf master archers
  11 death cobs
  15 ancient champions
  13 tentacled starspawn
  14 titans
  25 acid blobs
  7 octopode crushers
  A thorn hunter (Zig:4)
  23 Executioners
  5 sphinxes
  Kirke (Spider:1)
  9 shadow dragons
  4 tengu reavers
  20 storm dragons
  9 draconian monks
  5 revenants
  17 daevas
  12 azure jellies
  42 balrugs
  7 greater nagas
  Donald (Crypt:3)
  11 deep elf sorcerers
  Maud (D:12)
  15 vault wardens
  15 draconian knights
  9 draconian shifters
  2 black suns
  4 frost giants
  20 cacodemons
  8 iron dragons
  22 fire giants
  Aizul (Crypt:1)
  2 draconian scorchers
  10 orc warlords
  2 curse skulls (Pan)
  8 ghost moths
  7 draconian zealots
  5 emperor scorpions
  25 angels
  5 ghouls
  A caustic shrike zombie (Zig:12)
  9 warmongers
  20 war gargoyles
  12 draconian annihilators
  7 caustic shrike skeletons
  3 juggernaut zombies
  75 reapers
  19 ironheart preservers
  2 elemental wellsprings (Coc:7)
  8 salamander firebrands
  12 ophanim
  6 draconian callers
  21 apis (Pan)
  30 stone giants
  7 green draconians
  4 spriggan defenders
  29 very ugly things
  6 deep elf demonologists
  9 lorocyprocas
  Nessos (D:13)
  8 blood saints (Pan)
  4 vampire knights
  2 stone giants (shapeshifter) (Zig:11)
  15 black draconians
  12 deep elf annihilators
  Azrael (Spider:3)
  14 white draconians
  15 red draconians
  11 salamander stormcallers
  10 mottled draconians
  14 corrupters
  6 dire elephants (Lair:8)
  10 chaos champions
  16 purple draconians
  6 bennus
  14 ettins
  7 yellow draconians
  11 deep elf death magi
  3 eidola
  A minotaur (Lab)
  3 quicksilver dragon zombies
  8 merfolk javelineers
  31 vault guards
  17 green deaths
  27 fire dragons
  12 death oozes
  4 merfolk impalers
  33 mummy priests
  8 deep elf high priests
  30 blizzard demons
  3 crystal guardians (Crypt:3)
  9 jiangshi
  Josephine (Spider:1)
  The ghost of Miyamura the Carver, a journeyman HESk of the Shining One (D:12)
  15 spriggan air magi
  20 yaktaur captains
  2 kraken zombies
  19 great orbs of eyes
  25 ice dragons
  Harold (D:10)
  12 rakshasas
  21 hydras
  5 naga warriors
  4 ghost crabs
  4 catoblepae
  6 quicksilver dragon skeletons
  2 hell beasts
  9 monstrous demonspawn (Pan)
  8 entropy weavers
  A merfolk avatar (Zig:5)
  Erica (D:10)
  2 satyrs
  An anaconda (shapeshifter) (Vaults:5)
  A ghost crab (shapeshifter) (Vaults:3)
  58 large abominations
  7 centaur warriors
  3 anacondas
  4 death knights
  11 tengu warriors
  11 alligators
  9 merfolk aquamancers
  8 deep troll shamans
  10 dancing weapons
  13 deep troll earth magi
  15 ogre magi
  5 titan zombies
  15 death yaks
  11 orc high priests
  12 deep elf knights
  4 spriggan berserkers
  6 hell hogs
  6 vampire magi
  A naga sharpshooter (Zig:14)
  3 iron golems
  A storm dragon zombie (Coc:3)
  42 soul eaters
  60 sun demons
  4 shadow wraiths (Pan)
  3 titan skeletons
  6 unseen horrors
  46 ice devils
  15 wretched stars
  51 hell knights
  4 iron trolls
  13 thrashing horrors
  2 fire crabs (shapeshifter)
  9 spriggans
  5 salamander mystics
  34 shadow demons
  12 cherubim (Pan)
  16 gelid demonspawn (Pan)
  8 spatial maelstroms
  6 storm dragon skeletons
  61 death scarabs
  37 deep trolls
  127 skeletal warriors
  6 anaconda zombies
  A naga ritualist (Zig:14)
  6 giant orange brains
  A death drake (Zig:9)
  3 golden dragon zombies
  A death drake (shapeshifter) (Vaults:5)
  4 ghost moth zombies
  2 spriggan druids (Swamp:4)
  An anubis guard (shapeshifter) (Vaults:5)
  10 deep elf summoners
  9 putrid demonspawn (Pan)
  4 sea snakes
  10 swamp dragons
  5 fire crabs
  17 phantasmal warriors
  3 anaconda skeletons
  An orange crystal statue (Zot:5)
  12 flayed ghosts
  5 shambling mangroves
  10 infernal demonspawn
  31 anubis guards
  7 golden dragon skeletons
  A tengu zombie (Zig:11)
  10 torturous demonspawn (Pan)
  23 deep elf conjurers
  15 orb spiders
  2 manticores (shapeshifter)
  8 shadow dragon zombies
  5 wizards
  2 wolf spider zombies
  12 harpies
  An orb spider (shapeshifter) (Vaults:1)
  12 shining eyes
  9 hill giants
  21 orc knights
  A sphinx zombie (Zig:7)
  2 iron dragon zombies
  29 ironbrand convokers
  A tengu skeleton (Zig:11)
  14 hornets
  21 orc sorcerers
  7 griffons
  2 mana vipers
  21 necromancers
  9 fire giant zombies
  83 ugly things
  10 fauns
  5 frost giant zombies
  6 water nymphs
  30 wolf spiders
  10 salamanders
  A cyclops (shapeshifter) (Vaults:3)
  5 shadow dragon skeletons
  A moth of wrath (shapeshifter) (Vaults:2)
  3 hornets (shapeshifter)
  5 manticores
  10 stone giant zombies
  2 wolf spiders (shapeshifter)
  2 shock serpent zombies
  A salamander (shapeshifter) (Vaults:1)
  8 cyclopes
  23 sixfirhies
  9 iron dragon skeletons
  21 vault sentinels
  6 worldbinders
  2 sphinx skeletons
  38 rust devils
  6 sirens
  29 moths of wrath
  7 dire elephant zombies
  14 stone giant skeletons
  26 elephants
  55 smoke demons
  10 naga magi
  11 fire giant skeletons
  11 frost giant skeletons
  2 ice statues
  35 orange demons
  19 spiny frogs
  20 black mambas
  2 torpor snails
  2 gargoyles
  5 eyes of devastation
  2 komodo dragons (shapeshifter) (Vaults:3)
  42 tormentors
  3 dire elephant skeletons
  A mottled draconian zombie (Tar:6)
  8 molten gargoyles (Geh:7)
  A storm dragon simulacrum (Coc:7)
  14 spectral swamp worms (Tar:7)
  35 demonic crawlers
  4 apocalypse crabs
  64 hellions
  3 shock serpent skeletons
  13 komodo dragons
  3 titan simulacra
  4 anaconda simulacra
  11 ancient zymes
  5 harpy zombies
  72 yaktaurs
  A yaktaur (shapeshifter) (Vaults:2)
  3 ball lightnings
  3 silent spectres
  A spriggan zombie (Zig:9)
  A white draconian skeleton (Crypt:1)
  8 kobold demonologists
  53 red devils
  40 guardian mummies
  12 fire drakes
  13 trolls
  11 efreet
  8 guardian serpents
  16 deep elf priests
  A shadow dragon simulacrum (Abyss:1)
  33 hellwings
  28 jumping spiders
  23 blue devils
  7 hydra zombies
  4 tengu conjurers
  A polar bear (Lair:7)
  44 merfolk
  49 freezing wraiths
  8 giant leeches
  A queen bee (shapeshifter) (Vaults:3)
  14 wind drakes (Pan)
  A catoblepas skeleton (Geh:7)
  3 wind drakes (shapeshifter)
  A merfolk (shapeshifter) (Depths:5)
  5 hydra skeletons
  2 blink frogs (shapeshifter)
  A wolf spider simulacrum (IceCv)
  A harpy skeleton (Coc:5)
  A troll (shapeshifter) (Vaults:1)
  A frost giant simulacrum (Vaults:3)
  124 slime creatures
  5 boulder beetles
  20 raiju
  27 two-headed ogres
  32 blink frogs
  17 bog bodies
  A fire giant simulacrum (Abyss:1)
  2 ice dragon zombies
  6 ettin zombies
  3 minotaur skeletons
  A tarantella (shapeshifter) (Vaults:3)
  5 alligator zombies
  5 fire dragon zombies
  47 redbacks
  21 ushabtiu
  5 snapping turtles
  186 flying skulls
  2 fire dragon skeletons
  26 trapdoor spiders
  2 trapdoor spiders (shapeshifter)
  An elf skeleton (Depths:2)
  8 humans (Lair:2)
  Sigmund (Lair:2)
  43 starcursed masses
  2 dire elephant simulacra
  2 ice dragon skeletons
  A satyr skeleton (Crypt:2)
  3 alligator skeletons
  17 ynoxinuls
  20 water elementals
  18 tarantellas
  6 ettin skeletons
  32 shadows
  47 yaks
  2 centaur simulacra
  3 elf zombies
  35 deep elf magi
  2 wyverns
  5 basilisks
  6 hogs (Spider:1)
  2 black mamba skeletons
  31 vampire mosquitoes
  7 air elementals
  27 chaos spawn
  9 hungry ghosts
  26 deep elf fighters
  25 wraiths
  18 fire elementals
  7 golden eyes
  15 vampires
  9 hippogriffs
  A death yak simulacrum (IceCv)
  2 mottled dragons (Vaults:2)
  4 harpy simulacra (IceCv)
  2 steam dragons
  10 wargs
  A warg (shapeshifter) (Vaults:4)
  13 insubstantial wisps
  3 iron troll simulacra (IceCv)
  6 wolves
  2 merfolk zombies
  5 nagas
  21 spatial vortices
  28 swamp worms
  20 water moccasins
  48 neqoxecs
  13 spiny frog zombies
  5 hydra simulacra
  2 soldier ants (D:13)
  11 porcupines
  An ice dragon simulacrum (Abyss:4)
  A faun skeleton (Crypt:2)
  6 phantoms
  64 hell hounds
  20 spiders
  17 swamp drakes
  2 water moccasins (shapeshifter)
  A spiny frog skeleton (Coc:5)
  83 orc warriors
  8 ice beasts
  22 wasps
  2 ettin simulacra
  2 manticore zombies
  A black bear (D:13)
  2 merfolk skeletons (Volcano)
  A swamp dragon zombie (Dis:6)
  A tengu (shapeshifter) (Vaults:5)
  4 sky beasts
  21 necrophages
  15 boggarts
  A lindwurm zombie (Crypt:1)
  A snapping turtle zombie (Tar:6)
  A big kobold (shapeshifter) (Vaults:2)
  21 centaurs
  13 crocodiles
  An eye of draining (shapeshifter) (Depths:5)
  59 ogres
  2 swamp dragon skeletons
  15 eyes of draining
  6 manticore skeletons
  2 alligator simulacra (IceCv)
  7 snapping turtle skeletons
  5 brain worms
  24 big kobolds
  30 small abominations
  A gnoll sergeant (D:5)
  2 earth elementals
  19 giant frogs
  A komodo dragon skeleton (Crypt:2)
  A spiny frog simulacrum (Coc:7)
  A wyvern skeleton (D:14)
  3 troll zombies
  2 scorpions (D:12)
  50 killer bees
  57 wights
  5 spriggan skeletons
  5 electric eels
  7 centaur zombies
  29 crimson imps
  A giant frog zombie (D:6)
  A draconian simulacrum (IceCv)
  2 gnoll shamans
  A two-headed ogre skeleton (Volcano)
  41 orc priests
  10 hounds
  A human zombie (Tar:7)
  31 jellies
  6 centaur skeletons
  22 iron imps
  14 hell rats
  2 human skeletons
  6 giant frog skeletons
  8 quasits
  12 iguanas
  10 worker ants
  A spriggan simulacrum (IceCv)
  A lightning spire (Zig:12)
  59 orc wizards
  24 sheep
  A polar bear simulacrum (IceCv)
  A sheep (shapeshifter) (Vaults:5)
  3 troll simulacra (IceCv)
  A naga zombie (Coc:7)
  2 naga skeletons (Volcano)
  2 hound skeletons
  61 mummies
  6 worker ant zombies
  22 gnolls
  Robin (D:3)
  2 naga simulacra (IceCv)
  38 river rats
  8 shadow imps
  36 white imps
  16 adders
  2 ogre simulacra (IceCv)
  9 ufetubi
  5 oozes (Lair:7)
  3 adder zombies
  A lava snake zombie (Crypt:2)
  A sheep skeleton (Crypt:2)
  3 adder skeletons (D:6)
  A lava snake skeleton (Crypt:2)
  3 worms
  7 giant geckos
  344 orcs
  5 ball pythons
  23 goblins
  19 hobgoblins
  51 kobolds
  4 quokkas
  5 bats
  10 giant cockroaches
  A giant gecko skeleton (D:4)
  8 giant newts
  A giant newt zombie (Crypt:1)
  16 jackals
  A kobold skeleton (Crypt:1)
  An orc skeleton (Abyss:1)
  2 quokka skeletons
  2 rats
  A river rat skeleton (Crypt:2)
  122 blocks of ice
  10 briar patches (Zig:4)
  3 bushes (Lair:8)
  A crawling corpse (Vaults:5)
  349 fire vortices
  4 fungi
  A lurking horror (Abyss:4)
  8 plants
  6 starspawn tentacles
  5 tentacles
  2 tentacle segments (Coc:7)
7176 creatures vanquished.

Vanquished Creatures (collateral kills)
  An ancient lich (Zot:5)
  Boris (Crypt:3)
  A golden dragon (Zot:5)
  An electric golem (Zot:3)
  3 Orb Guardians (Zot:5)
  A quicksilver dragon (Vaults:5)
  A titan (Zig:14)
  A sphinx (Tomb:1)
  6 acid blobs
  Frances (Vaults:4)
  An ancient champion (Dis:7)
  2 greater nagas (Zig:14)
  A vault warden (Vaults:5)
  A daeva (Pan)
  2 azure jellies
  2 orc warlords
  A ghoul (Crypt:1)
  A cacodemon (Pan)
  A caustic shrike skeleton (Depths:2)
  5 stone giants
  A green draconian (Zot:3)
  A vampire knight (Crypt:2)
  A chaos champion (Pan)
  A black draconian (Zot:1)
  A red draconian (Zot:1)
  A white draconian (Zot:5)
  A purple draconian (Zot:1)
  2 black suns (Pan)
  A deep elf death mage (Crypt:2)
  A death ooze (Slime:3)
  A yaktaur captain (Vaults:5)
  An ice dragon (Zot:1)
  A catoblepas (Zig:6)
  An ogre mage (Zig:13)
  2 merfolk aquamancers (Zig:15)
  2 skeletal warriors
  6 death scarabs
  A shadow demon (Tar:7)
  An orange crystal statue (Zig:15)
  An orc knight (Zig:14)
  A fire giant zombie (Geh:7)
  A stone giant zombie (Zig:8)
  A tengu skeleton (Depths:2)
  A frost giant skeleton (Coc:1)
  A large abomination (Abyss:4)
  A rust devil (Dis:7)
  A deep elf priest (Zig:14)
  2 guardian mummies
  A snapping turtle (Zig:15)
  A two-headed ogre (Vaults:5)
  A raiju (Abyss:1)
  5 slime creatures
  A wind drake (Pan)
  An air elemental (Depths:4)
  A fire dragon skeleton (Tar:7)
  3 flying skulls
  A trapdoor spider (Zig:10)
  A water elemental (Coc:7)
  3 redbacks
  A tarantella (Zig:10)
  2 golden eyes (Slime:1)
  A warg (Depths:4)
  2 eyes of draining
  A manticore zombie (Dis:7)
  An ogre (Vaults:5)
  An orc warrior (Zig:19)
  2 small abominations
  7 jellies
  An orc wizard (Vaults:5)
  7 mummies
  13 orcs
  3 blocks of ice
  4 crawling corpses (Vaults:5)
136 creatures vanquished.

Vanquished Creatures (others)
  2 eldritch tentacles
  A tengu reaver (Vaults:5)
  2 elemental wellsprings (Coc:7)
  3 stone giants
  A blood saint (Pan)
  A blizzard demon (Abyss:1)
  A hydra (Lair:7)
  6 death scarabs (Tomb:2)
  An anaconda skeleton (Geh:7)
  A salamander (Zig:8)
  A yaktaur (Vaults:2)
  543 ball lightnings
  A guardian mummy (Tomb:2)
  A hellwing (Pan)
  A hydra zombie (Tomb:3)
  A wind drake (Pan)
  A merfolk (Zig:13)
  6 flying skulls
  A human (Spider:1)
  A neqoxec (Pan)
  A porcupine (Lair:7)
  A water moccasin (Lair:5)
  A spriggan zombie (Geh:7)
  A mummy (Tomb:2)
  6 river rats (Lair:4)
  An orc skeleton (Geh:7)
  342 blocks of ice
  2 bushes (Lair:8)
  126 eldritch tentacle segments
  1288 fire vortices
  50 fungi
  9 lost souls
  A lurking horror (Abyss:4)
  39 plants
  10 starspawn tentacles
  64 starspawn tentacle segments
  3 tentacles
  5 tentacle segments (Coc:7)
2526 creatures vanquished.

Grand Total: 9838 creatures vanquished

Notes
Turn   | Place    | Note
--------------------------------------------------------------
     0 | D:1      | Miyamura the Deep Elf Fire Elementalist began the quest for the Orb.
     0 | D:1      | Reached XP level 1. HP: 10/10 MP: 6/6
   247 | D:1      | Reached XP level 2. HP: 15/15 MP: 5/8
   276 | D:1      | Learned a level 2 spell: Throw Flame
   427 | D:1      | Found a glowing golden altar of the Shining One.
  1156 | D:2      | Reached XP level 3. HP: 19/19 MP: 5/9
  1240 | D:2      | Learned a level 3 spell: Conjure Flame
  1299 | D:2      | Found a burning altar of Makhleb.
  1466 | D:2      | Reached skill level 4 in Fire Magic
  1596 | D:2      | Reached XP level 4. HP: 24/24 MP: 5/11
  1660 | D:2      | Learned a level 4 spell: Sticky Flame
  2734 | D:3      | Noticed Robin
  2859 | D:3      | Reached skill level 1 in Fighting
  2946 | D:3      | Killed Robin
  3446 | D:3      | Found a blossoming altar of Fedhas.
  3462 | D:3      | Reached XP level 5. HP: 24/29 MP: 10/13
  4499 | D:4      | Noticed an ogre
  4516 | D:4      | Gained mutation: You are partially covered in icy blue scales (AC +1). [potion of mutation]
  4516 | D:4      | Gained mutation: You are covered in fur (AC +1). [potion of mutation]
  4516 | D:4      | Gained mutation: You are mostly covered in icy blue scales (AC +3, EV -1). [potion of mutation]
  4955 | D:4      | Reached XP level 6. HP: 34/34 MP: 7/14
  5129 | D:4      | Found an opulent altar of Gozag.
  5214 | D:4      | Found Wuoplock's Armour Emporium.
  5227 | D:4      | Bought a +0 pair of boots for 58 gold pieces
  5328 | D:4      | Found a staircase to the Ecumenical Temple.
  5379 | D:4      | Killed an ogre
  5379 | D:4      | Reached skill level 5 in Fire Magic
  5456 | Temple   | Entered the Ecumenical Temple
  5600 | Temple   | Became a worshipper of Vehumet
  5737 | D:4      | Reached skill level 5 in Spellcasting
  5949 | D:5      | Entered Level 5 of the Dungeon
  5956 | D:5      | Learned a level 5 spell: Fireball
  6032 | D:5      | HP: 1/35 [centaur/arrow of frost (1)]
  6033 | D:5      | Reached XP level 7. HP: 1/40 MP: 3/16
  6338 | D:5      | Found an iron altar of Okawaru.
  6555 | D:5      | Found a glowing silver altar of Zin.
  6565 | D:5      | Found a blossoming altar of Fedhas.
  7113 | D:5      | Reached skill level 5 in Dodging
  7171 | D:5      | Reached skill level 6 in Spellcasting
  7171 | D:5      | Reached XP level 8. HP: 22/45 MP: 13/19
  7429 | D:5      | Reached * piety under Vehumet
  7429 | D:5      | Offered knowledge of Magic Dart by Vehumet.
  8485 | D:6      | Reached skill level 5 in Conjurations
  8519 | D:6      | Learned a level 1 spell: Magic Dart
  8639 | D:6      | Found a deep blue altar of Sif Muna.
  9216 | D:6      | Reached skill level 7 in Spellcasting
  9593 | D:7      | Found a sacrificial altar of Ru.
  9618 | D:7      | Offered knowledge of Shock by Vehumet.
  9621 | D:7      | Learned a level 1 spell: Shock
  9918 | D:7      | Reached XP level 9. HP: 31/52 MP: 16/21
 10038 | D:7      | Learned a level 1 spell: Freeze
 10063 | D:7      | Found a sparkling altar of Nemelex Xobeh.
 10099 | D:7      | Reached ** piety under Vehumet
 10410 | D:8      | Found a flagged portal.
 10420 | Bailey   | Entered a bailey
 10704 | Bailey   | Offered knowledge of Ignite Poison by Vehumet.
 10773 | Bailey   | Noticed an orc knight
 10788 | Bailey   | Killed an orc knight
 10788 | Bailey   | Reached skill level 8 in Spellcasting
 11221 | D:8      | Reached *** piety under Vehumet
 11395 | D:8      | Found a bloodstained altar of Trog.
 11576 | D:8      | Noticed a komodo dragon
 11666 | D:8      | Offered knowledge of Fulminant Prism by Vehumet.
 11675 | D:8      | Killed a komodo dragon
 11739 | D:8      | Found a staircase to the Lair.
 11751 | D:8      | Reached skill level 10 in Conjurations
 11751 | D:8      | Reached skill level 10 in Fire Magic
 11751 | D:8      | Reached XP level 10. HP: 58/58 MP: 18/24
 12129 | D:8      | Reached skill level 5 in Fighting
 12446 | D:9      | Reached XP level 11. HP: 63/63 MP: 20/25
 13088 | D:9      | Reached **** piety under Vehumet
 13088 | D:9      | Reached skill level 11 in Fire Magic
 13197 | D:9      | Found an opulent altar of Gozag.
 13197 | D:9      | Found a stormy altar of Qazlal.
 13321 | D:9      | Offered knowledge of Iskenderun's Mystic Blast by Vehumet.
 13492 | D:10     | Entered Level 10 of the Dungeon
 13585 | D:10     | Noticed Erica
 13587 | D:10     | Killed Erica
 13910 | D:10     | Noticed Harold
 13930 | D:10     | Killed Harold
 14663 | D:11     | Reached skill level 10 in Spellcasting
 14684 | D:11     | Found a labyrinth entrance.
 14714 | D:11     | Reached ***** piety under Vehumet
 14724 | D:11     | Offered knowledge of Poison Arrow by Vehumet.
 14781 | D:11     | Learned a level 6 spell: Poison Arrow
 14797 | Lab      | Entered a labyrinth
 15047 | Lab      | Noticed a minotaur
 15200 | Lab      | Killed a minotaur
 15211 | Lab      | Got a polished morningstar {distort}
 15348 | Lab      | Got a translucent hand crossbow
 15351 | Lab      | Identified the +6 hand crossbow of Arenor {flame, rN++ Str-4 Stlth+} (You found it in a labyrinth)
 15413 | D:11     | Reached XP level 12. HP: 53/70 MP: 13/28
 15600 | D:11     | Noticed a catoblepas
 15612 | D:11     | Killed a catoblepas
 15771 | D:11     | Noticed a hill giant
 15791 | D:11     | Killed a hill giant
 15791 | D:11     | Reached skill level 10 in Dodging
 16428 | D:11     | Found a staircase to the Orcish Mines.
 16993 | D:4      | Bought a +0 pair of gloves of dexterity for 149 gold pieces
 17117 | Lair:1   | Entered Level 1 of the Lair of Beasts
 17235 | Lair:1   | Reached skill level 12 in Fire Magic
 17575 | Lair:1   | Identified the +3 morningstar "Qittiler" {distort, *Drain rElec Dex+2 Stlth+} (You took it off a minotaur in a labyrinth)
 17577 | Lair:1   | Offered knowledge of Delayed Fireball by Vehumet.
 17988 | Lair:2   | Found a dark tunnel.
 17993 | Volcano  | Entered a volcano
 18486 | Volcano  | Learned a level 7 spell: Delayed Fireball
 18969 | Lair:2   | Noticed Sigmund
 18970 | Lair:2   | Killed Sigmund
 19806 | Lair:3   | Got a brightly glowing whip
 19807 | Lair:3   | Identified the +4 whip "Basot" {speed, Int+3} (You found it on level 3 of the Lair of Beasts)
 20146 | Lair:3   | Reached XP level 13. HP: 73/73 MP: 18/30
 21164 | Lair:4   | Offered knowledge of Bolt of Draining by Vehumet.
 21194 | Lair:4   | Learned a level 5 spell: Bolt of Draining
 21361 | Lair:4   | Found a staircase to the Swamp.
 22986 | Lair:5   | Reached skill level 13 in Fire Magic
 23695 | Lair:6   | Gained mutation: You are somewhat resistant to further mutation. [potion of beneficial mutation]
 24582 | Lair:6   | Offered knowledge of Bolt of Fire by Vehumet.
 24590 | Lair:6   | Learned a level 6 spell: Bolt of Fire
 24742 | Lair:6   | Found a hole to the Spider Nest.
 24979 | Lair:7   | Reached XP level 14. HP: 81/81 MP: 17/33
 25515 | Lair:7   | Found a staircase to the Slime Pits.
 26154 | Lair:8   | Entered Level 8 of the Lair of Beasts
 27310 | Lair:7   | Reached skill level 14 in Fire Magic
 27494 | Lair:8   | Got a fine pewter ring
 27498 | Lair:8   | Identified the ring "Seidd" {rElec rC+ MR+ EV+2 Int-4 Slay+3} (You found it on level 8 of the Lair of Beasts)
 28835 | Lair:8   | Got a slimy short sword
 28836 | Lair:8   | Identified the cursed +0 short sword of the Briny Deep {pierce, rC+} (You found it on level 8 of the Lair of Beasts)
 29606 | Lair:8   | Reached XP level 15. HP: 91/91 MP: 20/35
 29712 | Lair:8   | Offered knowledge of Conjure Ball Lightning by Vehumet.
 30144 | Lair:1   | Learned a level 6 spell: Conjure Ball Lightning
 30308 | Orc:1    | Entered Level 1 of the Orcish Mines
 30557 | Orc:1    | Found Sanlil's Jewellery Emporium.
 30576 | Orc:1    | Bought a cursed -3 ring of evasion for 32 gold pieces
 31184 | Orc:1    | Offered knowledge of Iron Shot by Vehumet.
 31611 | Orc:3    | Found Soget's Armour Emporium.
 32638 | Orc:4    | Entered Level 4 of the Orcish Mines
 32654 | Orc:4    | Found a staircase to the Elven Halls.
 33190 | Orc:4    | Reached ****** piety under Vehumet
 33208 | Orc:4    | Offered knowledge of Orb of Destruction by Vehumet.
 33684 | Orc:4    | Reached skill level 10 in Fighting
 33920 | Orc:4    | Found Wuydaqosk's Antique Armour Shop.
 33920 | Orc:4    | Found Zinyh's General Store.
 33920 | Orc:4    | Found Zexzyx's Antique Weapon Shop.
 33920 | Orc:4    | Found Guakk's Book Boutique.
 34220 | Orc:4    | Reached skill level 15 in Spellcasting
 34749 | Orc:4    | Bought a fine great sword for 322 gold pieces
 34758 | Orc:4    | Bought a scroll of magic mapping for 35 gold pieces
 34758 | Orc:4    | Bought a meat ration for 50 gold pieces
 34758 | Orc:4    | Bought a bread ration for 50 gold pieces
 34758 | Orc:4    | Bought an uncursed ring of poison resistance for 200 gold pieces
 34758 | Orc:4    | Bought a scroll of blinking for 75 gold pieces
 34759 | Orc:4    | Bought a book of Air for 385 gold pieces
 34759 | Orc:4    | Bought a book of Spatial Translocations for 715 gold pieces
 34764 | Orc:4    | Learned a level 2 spell: Blink
 34767 | Orc:4    | Learned a level 2 spell: Swiftness
 35101 | Lair:1   | Identified the +5 great sword "Bumot" {elec, *Confuse Str+3 Int+2} (You bought it in a shop on level 4 of the Orcish Mines)
 35351 | Orc:4    | Bought a shimmering halberd for 252 gold pieces
 35355 | Orc:4    | Identified the +10 halberd "Qamnuvu" {vamp, Str+6 Dex-2} (You bought it in a shop on level 4 of the Orcish Mines)
 35928 | D:12     | Noticed Miyamura's ghost (journeyman HESk)
 35932 | D:12     | Killed Miyamura's ghost
 36181 | D:12     | Noticed Maud
 36233 | D:12     | Killed Maud
 36449 | D:13     | Offered knowledge of Lehudib's Crystal Spear by Vehumet.
 36449 | D:13     | Offered knowledge of Fire Storm by Vehumet.
 36449 | D:13     | Offered knowledge of Glaciate by Vehumet.
 36847 | D:13     | Noticed Nessos
 36857 | D:13     | Killed Nessos
 37216 | D:14     | Found Mipycy's Armour Emporium.
 37237 | D:14     | Reached skill level 15 in Fire Magic
 37364 | D:14     | Reached skill level 15 in Conjurations
 38159 | D:14     | Reached XP level 16. HP: 63/98 MP: 7/37
 38342 | D:14     | Identified a +2 rod of clouds (12/12) (You took it off a kobold on level 14 of the Dungeon)
 38343 | D:14     | Found a gate to the Vaults.
 38602 | D:14     | Found a burning altar of Makhleb.
 38653 | D:14     | Got a warped ring mail
 38664 | D:14     | Identified the +4 ring mail "Jafodaac" {*Drain Dex+4} (You found it on level 14 of the Dungeon)
 38696 | D:15     | Entered Level 15 of the Dungeon
 39806 | D:15     | Learned a level 2 spell: Sublimation of Blood
 39966 | D:15     | Reached skill level 15 in Dodging
 39981 | D:15     | Found a staircase to the Depths.
 40159 | D:15     | Reached skill level 16 in Spellcasting
 40734 | Spider:1 | Entered Level 1 of the Spider Nest
 40734 | Spider:1 | Noticed Kirke
 40741 | Spider:1 | Killed Kirke
 41283 | Spider:1 | Identified a scroll of acquirement
 41426 | Spider:1 | Noticed Josephine
 41430 | Spider:1 | Killed Josephine
 42640 | Spider:2 | Got a shimmering hand crossbow
 42641 | Spider:2 | Identified the +6 hand crossbow of Innocence {freeze, Dex+5 Stlth-} (You found it on level 2 of the Spider Nest)
 43583 | Spider:3 | Noticed Azrael
 44051 | Spider:3 | Killed Azrael
 44348 | Spider:3 | Noticed Norris
 44374 | Spider:3 | Killed Norris
 44374 | Spider:3 | Reached XP level 17. HP: 72/104 MP: 6/39
 44797 | Spider:4 | Entered Level 4 of the Spider Nest
 46057 | Spider:4 | Reached skill level 17 in Spellcasting
 47228 | Spider:4 | Got a gossamer rune of Zot
 47619 | Swamp:1  | Entered Level 1 of the Swamp
 50866 | Swamp:3  | Got an ichor-stained robe
 50867 | Swamp:3  | Identified the +1 robe of Xom's Castigation {Slay+2} (You found it on level 3 of the Swamp)
 51490 | Swamp:4  | Entered Level 4 of the Swamp
 52059 | Swamp:4  | Reached XP level 18. HP: 112/112 MP: 20/41
 53149 | Swamp:4  | Got a decaying rune of Zot
 54223 | Orc:4    | Bought a quick blade for 420 gold pieces
 54471 | Lair:1   | Learned a level 2 spell: Repel Missiles
 54672 | Elf:1    | Entered Level 1 of the Elven Halls
 54690 | Elf:1    | Reached skill level 18 in Spellcasting
 55841 | Elf:1    | Identified Lehudib's Incunabulum of Aerial Conjuration
 56007 | Elf:2    | Found a frozen archway.
 56016 | IceCv    | Entered an ice cave
 57221 | Elf:2    | Found a gateway to a bazaar.
 57227 | Bazaar   | Entered a bazaar
 57244 | Bazaar   | Found Onidif's Gadget Shop.
 57275 | Bazaar   | Found Pedenuss's Gadget Shop.
 57314 | Bazaar   | Found Hesup's Distillery.
 57339 | Bazaar   | Found Fuudutob's Distillery.
 57347 | Bazaar   | Bought a potion of curing for 39 gold pieces
 57347 | Bazaar   | Bought a potion of curing for 39 gold pieces
 57367 | Bazaar   | Bought 2 potions of haste for 340 gold pieces
 57367 | Bazaar   | Bought a potion of curing for 51 gold pieces
 57367 | Bazaar   | Bought 2 potions of magic for 272 gold pieces
 57367 | Bazaar   | Bought a potion of heal wounds for 85 gold pieces
 57367 | Bazaar   | Bought a potion of magic for 136 gold pieces
 57722 | Elf:2    | Found a runed gate.
 57722 | Elf:2    | Found a runed gate.
 57723 | Elf:2    | Found a runed gate.
 58768 | Elf:3    | Entered Level 3 of the Elven Halls
 59058 | Elf:3    | Gained mutation: You are partially covered in rugged brown scales (AC +1, +3% HP). [potion of beneficial mutation]
 59160 | Elf:3    | Reached skill level 1 in Shields
 59771 | Elf:3    | Reached skill level 5 in Shields
 59771 | Elf:3    | Reached XP level 19. HP: 84/120 MP: 25/43
 60535 | Elf:3    | Got a heavily runed troll leather armour
 60543 | Elf:3    | Identified the +4 troll leather armour of Disaster {Regen+ rCorr MP+9 Slay+3} (You took it off a deep elf conjurer on level 3 of the Elven Halls)
 60671 | Elf:3    | Got a pair of twisted gloves
 60672 | Elf:3    | Identified the +1 pair of gloves of the Pleiades {rN+ Str+3} (You found it on level 3 of the Elven Halls)
 61485 | Vaults:1 | Entered Level 1 of the Vaults
 62318 | Lair:1   | Learned a level 5 spell: Fireball
 63266 | Vaults:1 | Got a shimmering arbalest
 63267 | Vaults:1 | Identified the cursed +1 arbalest of Bread {elec, Str+3} (You found it on level 1 of the Vaults)
 63651 | Vaults:1 | Found Ascheidd's Antique Weapon Emporium.
 64111 | Vaults:2 | Found Ecraih's Assorted Antiques.
 64124 | Vaults:2 | Bought a bone war axe for 289 gold pieces
 64124 | Vaults:2 | Bought a scintillating copper ring for 170 gold pieces
 64124 | Vaults:2 | Bought a potion of heal wounds for 170 gold pieces
 64125 | Vaults:2 | Identified the +4 war axe of the Moon {vamp, rElec rF- rN+ Dex+5} (You bought it in a shop on level 2 of the Vaults)
 64131 | Vaults:2 | Identified the ring of Qufissi {rPois rC+ Str+3 Int-5 Dex+5} (You bought it in a shop on level 2 of the Vaults)
 64359 | Vaults:2 | Reached skill level 19 in Conjurations
 64514 | Vaults:2 | Learned a level 9 spell: Fire Storm
 64861 | Vaults:2 | Reached XP level 20. HP: 39/126 MP: 39/44
 65634 | Vaults:2 | Found a staircase to the Crypt.
 66259 | Vaults:3 | Paralysed by a hornet for 2 turns
 67072 | Vaults:3 | Noticed Asterion
 67079 | Vaults:3 | Reached skill level 20 in Conjurations
 67080 | Vaults:3 | Killed Asterion
 69135 | Vaults:4 | Noticed Sojobo
 69140 | Vaults:4 | Noticed Rupert
 69140 | Vaults:4 | Killed Sojobo
 69141 | Vaults:4 | Reached skill level 21 in Conjurations
 69143 | Vaults:4 | Killed Rupert
 69149 | Vaults:4 | Noticed Frances
 69149 | Vaults:4 | Killed Frances
 69321 | Vaults:4 | Reached XP level 21. HP: 131/131 MP: 39/45
 70815 | Slime:1  | Entered Level 1 of the Pits of Slime
 71323 | Slime:2  | Found a shimmering altar of Xom.
 72276 | Slime:6  | Entered Level 6 of the Pits of Slime
 72277 | Slime:6  | Reached skill level 22 in Conjurations
 72569 | Slime:6  | Noticed the royal jelly
 72573 | Slime:6  | Killed the royal jelly
 73019 | Slime:6  | Reached XP level 22. HP: 127/136 MP: 37/46
 73268 | Slime:6  | Got a slimy rune of Zot
 73339 | Slime:6  | Identified a +6 rod of clouds (12/12) (You found it on level 6 of the Pits of Slime)
 73370 | Slime:6  | Identified Xopra's Tome of Black Rituals and Enhancements
 73390 | Slime:6  | Got a shimmering scimitar
 73391 | Slime:6  | Identified the +6 scimitar of Cheibriados's Hatred {slice, +Blink rF+ Dex+3} (You found it on level 6 of the Pits of Slime)
 73463 | Slime:6  | Got a brightly glowing tin ring
 73464 | Slime:6  | Identified the ring of Arrival {*Corrode +Inv rF+ Stlth+} (You found it on level 6 of the Pits of Slime)
 74480 | Depths:1 | Entered Level 1 of the Depths
 74884 | Depths:1 | Found a gateway to Hell.
 74997 | Depths:1 | Reached skill level 23 in Conjurations
 75761 | Depths:1 | Found a one-way gate to the infinite horrors of the Abyss.
 75842 | Depths:1 | Noticed Margery
 75844 | Depths:1 | Killed Margery
 76094 | Depths:2 | Found a portal to a secret trove of treasure.
 76410 | Depths:2 | Found Kisuat's Antique Weapon Emporium.
 76476 | Depths:2 | Found a gateway to a ziggurat.
 76664 | Depths:2 | Killed the Enchantress
 76853 | Depths:2 | Got a pitted brass ring
 76860 | Depths:2 | Identified the ring of Meybofal {rF+ rC+ MR- Int+2 Dex+4} (You found it on level 2 of the Depths)
 77108 | Depths:2 | Got a slimy shortbow
 77109 | Depths:2 | Identified the +3 shortbow of Megalomania {venom, rElec} (You found it on level 2 of the Depths)
 77452 | Depths:2 | Reached XP level 23. HP: 142/142 MP: 47/47
 77499 | Depths:2 | Reached skill level 24 in Conjurations
 78258 | Depths:3 | Noticed JokEr's ghost (adept GrFi)
 78270 | Depths:3 | Killed JokEr's ghost
 78902 | Depths:3 | Found a one-way gate leading to the halls of Pandemonium.
 79131 | Depths:4 | Noticed Saint Roka
 79132 | Depths:4 | Killed Saint Roka
 79468 | Depths:2 | Got a faerie dragon armour
 79471 | Depths:2 | Identified the +7 faerie dragon armour {Regen+ HP-4} (You took it off the Enchantress on level 2 of the Depths)
 79652 | Depths:4 | Gained mutation: You possess an exceptional clarity of mind. [potion of beneficial mutation]
 79997 | Depths:4 | Got a heavily runed jade amulet
 79998 | Depths:4 | Identified the amulet "Ulinyv" {Gourm Slay+3} (You acquired it on level 4 of the Depths)
 80156 | Depths:5 | Entered Level 5 of the Depths
 80527 | Depths:5 | Reached skill level 25 in Conjurations
 80546 | Depths:5 | Found a gate to the Realm of Zot.
 80702 | Depths:5 | Noticed a juggernaut
 80705 | Depths:5 | Killed a juggernaut
 80713 | Depths:5 | Reached XP level 24. HP: 148/148 MP: 44/47
 80960 | Depths:5 | Found Weumeg's Distillery.
 80994 | Depths:5 | Bought a potion of agility for 100 gold pieces
 80994 | Depths:5 | Bought a potion of curing for 75 gold pieces
 81977 | Orc:4    | Bought a Necronomicon for 1214 gold pieces
 81987 | Orc:4    | Learned a level 8 spell: Necromutation
 82545 | Crypt:1  | Entered Level 1 of the Crypt
 82614 | Crypt:1  | Reached skill level 1 in Transmutations
 82615 | Crypt:1  | Reached skill level 1 in Necromancy
 82964 | Crypt:1  | Noticed Aizul
 82969 | Crypt:1  | Killed Aizul
 83461 | Crypt:2  | Reached skill level 5 in Transmutations
 83471 | Crypt:2  | Noticed Mara
 83479 | Crypt:2  | Noticed Miyamura's illusion
 83706 | Crypt:2  | Killed Mara
 83706 | Crypt:2  | Reached skill level 5 in Necromancy
 84470 | Crypt:2  | Got a scorched short sword
 84471 | Crypt:2  | Identified the +10 short sword "Utoogh" {flame, *Drain rPois rF++} (You found it on level 2 of the Crypt)
 84592 | Crypt:3  | Entered Level 3 of the Crypt
 85262 | Zot:1    | Entered Level 1 of the Realm of Zot
 85767 | Zot:1    | Reached skill level 10 in Transmutations
 86803 | Zot:2    | Reached XP level 25. HP: 149/152 MP: 47/47
 87146 | Zot:2    | Reached skill level 10 in Necromancy
 88569 | Zot:3    | Noticed an orb of fire
 88808 | Zot:3    | Got a bloodstained scythe
 88809 | Zot:3    | Identified the +8 scythe of Cuaguxzo {slice, +Inv} (You found it on level 3 of the Realm of Zot)
 89901 | Zot:3    | Reached skill level 15 in Transmutations
 91307 | Vaults:5 | Entered Level 5 of the Vaults
 91320 | Vaults:5 | Noticed an ancient lich
 91323 | Vaults:5 | Killed an ancient lich
 91323 | Vaults:5 | Reached XP level 26. HP: 143/158 MP: 24/47
 91347 | Vaults:5 | Reached skill level 15 in Necromancy
 92720 | Vaults:5 | Got a slimy glaive {pain}
 92721 | Vaults:5 | Identified the +6 glaive of Proximity {pain, *Confuse MP+9 Dex+3 Stlth+} (You took it off a fire giant on level 5 of the Vaults)
 93505 | Vaults:5 | Identified the Volume of the Buccaneer
 93694 | Vaults:5 | Got a crude leather armour
 93705 | Vaults:5 | Identified the +1 leather armour "Abram" {rElec rN++ Int-5 Dex-4} (You took it off an ironheart preserver on level 5 of the Vaults)
 93768 | Vaults:5 | Got a polished buckler
 93779 | Vaults:5 | Identified the +1 buckler of Jigsaw {Str+6} (You took it off a salamander stormcaller on level 5 of the Vaults)
 94075 | Vaults:5 | Got a silver rune of Zot
 94787 | Lair:1   | Learned a level 7 spell: Orb of Destruction
 95289 | Zig:1    | Entered Level 1 of a ziggurat
 95314 | Zig:2    | Entered Level 2 of a ziggurat
 95339 | Zig:3    | Entered Level 3 of a ziggurat
 95373 | Zig:4    | Entered Level 4 of a ziggurat
 95398 | Zig:4    | Got a bloodstained blowgun
 95399 | Zig:4    | Identified the +6 blowgun "Xufedar" {speed, MR+ MP+9 Str-2 Dex+3} (You found it on level 4 of a ziggurat)
 95404 | Zig:5    | Entered Level 5 of a ziggurat
 95409 | Zig:5    | Noticed an ancient lich
 95414 | Zig:5    | Killed an ancient lich
 95498 | Zig:5    | Identified the Grimoire of the Cankerous Escort
 95510 | Zig:6    | Entered Level 6 of a ziggurat
 95551 | Zig:7    | Entered Level 7 of a ziggurat
 95591 | Zig:7    | Got an iridescent spear
 95624 | Zig:8    | Entered Level 8 of a ziggurat
 95634 | Zig:8    | Reached XP level 27. HP: 162/162 MP: 47/47
 95801 | Zig:9    | Entered Level 9 of a ziggurat
 95843 | Zig:9    | Got a sparkling lead ring
 95893 | Zig:9    | Identified Vehumet's Compendium of Confrontation and Heat (You found it on level 9 of a ziggurat)
 95896 | Zig:9    | Identified the cursed ring "Upeqitec" {Str+4 Dex-6} (You found it on level 9 of a ziggurat)
 95947 | Zig:10   | Entered Level 10 of a ziggurat
 96076 | Zig:10   | Learned a level 6 spell: Statue Form
 96078 | Zig:10   | Got a crude marble ring
 96082 | Zig:10   | Identified the ring of Ritoroeg {+Fly rPois rC- EV+2 Str+3} (You found it on level 10 of a ziggurat)
 96088 | Zig:10   | Got a clouded tin ring
 96089 | Zig:10   | Identified the ring "Najedgh" {+Fly rN+ Str+4} (You found it on level 10 of a ziggurat)
 96093 | Zig:10   | Got a faintly glowing diamond amulet
 96095 | Zig:10   | Identified the amulet of Dim Light {Gourm MP+9 Str+5} (You found it on level 10 of a ziggurat)
 96134 | Zig:11   | Entered Level 11 of a ziggurat
 96134 | Zig:11   | Noticed Yermak's ghost (legendary FoAr)
 96143 | Zig:11   | Noticed Hejok the pandemonium lord
 96143 | Zig:11   | Noticed Xuocyloc the pandemonium lord
 96149 | Zig:11   | Noticed Reohem the pandemonium lord
 96149 | Zig:11   | Noticed Soemur the pandemonium lord
 96152 | Zig:11   | Killed Hejok the pandemonium lord
 96153 | Zig:11   | Killed Yermak's ghost
 96154 | Zig:11   | Killed Xuocyloc the pandemonium lord
 96155 | Zig:11   | Killed Reohem the pandemonium lord
 96155 | Zig:11   | Killed Soemur the pandemonium lord
 96349 | Zig:11   | Reached skill level 5 in Short Blades
 96375 | Zig:11   | Got a coiled pewter ring
 96377 | Zig:11   | Identified the ring "Pahuul" {*Corrode AC+3 Dex+5} (You found it on level 11 of a ziggurat)
 96384 | Zig:12   | Entered Level 12 of a ziggurat
 96398 | Zig:12   | Noticed an ancient lich
 96400 | Zig:12   | Killed an ancient lich
 96512 | Zig:12   | Identified the +8 spear "Maig Qig" {freeze, rF++} (You found it on level 7 of a ziggurat)
 96556 | Zig:12   | Got a slimy trident
 96557 | Zig:12   | Identified the +10 trident "Spiderbane" {freeze, -Tele +Rage rN++ MR+} (You found it on level 12 of a ziggurat)
 96604 | Zig:13   | Entered Level 13 of a ziggurat
 96617 | Zig:13   | Noticed an ancient lich
 96620 | Zig:13   | Killed an ancient lich
 96650 | Zig:13   | Gained mutation: You are resistant to hostile enchantments. [potion of beneficial mutation]
 96657 | Zig:13   | Got a bound amber ring
 96673 | Zig:13   | Identified the ring of Itorarel {rC+ MR+ Str+3 Slay+3 Stlth+} (You found it on level 13 of a ziggurat)
 96683 | Zig:13   | Got a jewelled rapier
 96684 | Zig:13   | Identified the +4 rapier of the Traitor {flame, rPois MP-9 Str+2} (You found it on level 13 of a ziggurat)
 96688 | Zig:13   | Got a steaming ring mail
 96700 | Zig:13   | Identified the +4 ring mail "Hoish" {Dex+4 Stlth+} (You found it on level 13 of a ziggurat)
 96742 | Zig:14   | Entered Level 14 of a ziggurat
 96763 | Zig:14   | Noticed an ancient lich
 96767 | Zig:14   | Killed an ancient lich
 96902 | Zig:14   | Identified the Disquisition on Calling
 96908 | Zig:14   | Got a translucent dagger
 96914 | Zig:14   | Identified the +3 dagger of Reinforcement {pierce, *Contam Dex+7 SInv Stlth+} (You found it on level 14 of a ziggurat)
 96923 | Zig:14   | Got a crude steel amulet
 96929 | Zig:14   | Identified the amulet of Canucs {+Rage rC+ Dex+3} (You found it on level 14 of a ziggurat)
 96952 | Zig:14   | Got a warped tin ring
 96954 | Zig:14   | Identified the ring "Vicuth" {rPois Slay+5} (You found it on level 14 of a ziggurat)
 96962 | Zig:15   | Entered Level 15 of a ziggurat
 97067 | Zig:15   | Reached skill level 5 in Evocations
 97087 | Zig:15   | Got a transparent ivory ring
 97089 | Zig:15   | Identified the ring of Qaivvax {AC+4 Str+3} (You found it on level 15 of a ziggurat)
 97096 | Zig:15   | Got a smoking golden ring
 97098 | Zig:15   | Identified the ring of the Snail {+Blink MP+9} (You found it on level 15 of a ziggurat)
 97114 | Zig:16   | Entered Level 16 of a ziggurat
 97132 | Zig:16   | Noticed Laguilo the pandemonium lord
 97141 | Zig:16   | Killed Laguilo the pandemonium lord
 97308 | Zig:16   | Identified the Handbook of Attacks
 97317 | Zig:16   | Got an encrusted spear
 97320 | Zig:16   | Identified the +1 spear "Vezeig" {holy, rElec} (You found it on level 16 of a ziggurat)
 97324 | Zig:16   | Got a faintly glowing short sword
 97325 | Zig:16   | Identified the +9 short sword "Ynaesual" {venom, Dex+5} (You found it on level 16 of a ziggurat)
 97328 | Zig:16   | Got a scorched short sword
 97329 | Zig:16   | Identified the cursed +1 short sword of Izxes {pierce, *Noise rPois rC+ SInv} (You found it on level 16 of a ziggurat)
 97333 | Zig:16   | Got a heavily runed copper ring
 97335 | Zig:16   | Identified the ring "Tiwava" {rF++ Str+3 Dex+3} (You found it on level 16 of a ziggurat)
 97393 | Zig:16   | Got a pair of polished boots
 97404 | Zig:16   | Identified the +2 pair of boots of Ygoow {rN+ MR+ Slay+2} (You found it on level 16 of a ziggurat)
 97927 | Depths:2 | You paid a toll of 2 potions of cure mutation to enter a treasure trove
 97928 | Trove    | Entered a treasure trove
 97944 | Trove    | Got a warped pewter ring
 97946 | Trove    | Identified the ring "Qaptolusk" {Ice Str+4} (You found it in a treasure trove)
 97953 | Trove    | Got a warped sapphire amulet
 97959 | Trove    | Identified the amulet of Korcharin {Ward rN+ Dex+2} (You found it in a treasure trove)
 97964 | Trove    | Got a vibrating emerald amulet
 97966 | Trove    | Identified the amulet of Zoraa {Gourm Str+2} (You found it in a treasure trove)
 97971 | Trove    | Got a shimmering silver ring
 97973 | Trove    | Identified the ring of Addeanle {*Drain rPois rF+ rN+ Dex+5} (You found it in a treasure trove)
 97988 | Trove    | Got a translucent brass amulet
 97990 | Trove    | Identified the amulet of Descent {Gourm Str+4} (You found it in a treasure trove)
 98095 | Pan      | Entered Pandemonium
 98275 | Pan      | Found an exit through the horrors of the Abyss.
 98303 | Pan      | Found a runed door.
 98304 | Pan      | Found a runed door.
 98353 | Pan      | Found a runed door.
 98365 | Pan      | Found a runed door.
 99205 | Pan      | Noticed Jeuk the pandemonium lord
 99211 | Pan      | Killed Jeuk the pandemonium lord
 99611 | Pan      | Noticed Doraocuck the pandemonium lord
 99651 | Pan      | Killed Doraocuck the pandemonium lord
101046 | Pan      | Found a gateway to a ziggurat.
101623 | Pan      | Got a demonic rune of Zot
101703 | Pan      | Found an exit through the horrors of the Abyss.
101849 | Pan      | Reached skill level 26 in Conjurations
101973 | Zig:1    | Entered Level 1 of a ziggurat
102005 | Zig:2    | Entered Level 2 of a ziggurat
102025 | Zig:3    | Entered Level 3 of a ziggurat
102056 | Zig:4    | Entered Level 4 of a ziggurat
102081 | Zig:4    | Got a bronze ring mail
102082 | Zig:4    | Identified the +5 ring mail of Theory {+Fly rN+ Int-3 Stlth+} (You found it on level 4 of a ziggurat)
102088 | Zig:5    | Entered Level 5 of a ziggurat
102109 | Zig:5    | Got a clouded bone ring
102116 | Zig:5    | Identified Zepn's Papyrus of Greatest Risks and Utility
102123 | Zig:5    | Identified the ring "Hitaxta" {Wiz rElec MP+9 Int+3} (You found it on level 5 of a ziggurat)
102125 | Zig:6    | Entered Level 6 of a ziggurat
102145 | Zig:6    | Got a slimy granite ring
102147 | Zig:6    | Identified the ring of Piwni {rPois rF+ rN+ Dex-3} (You found it on level 6 of a ziggurat)
102164 | Zig:7    | Entered Level 7 of a ziggurat
102203 | Zig:8    | Entered Level 8 of a ziggurat
102213 | Zig:8    | Reached skill level 10 in Short Blades
102248 | Zig:8    | Got a transparent glass ring
102250 | Zig:8    | Identified the ring "Tuink" {Ice rElec rN+ MR-} (You found it on level 8 of a ziggurat)
102259 | Zig:8    | Identified the Incunabulum of Supportive Flight
102269 | Zig:9    | Entered Level 9 of a ziggurat
102303 | Zig:9    | Got a shimmering shield
102314 | Zig:9    | Identified the +1 shield of the Harvest {rN+ rCorr Str+3} (You found it on level 9 of a ziggurat)
102326 | Zig:9    | Got an ancient halberd
102327 | Zig:9    | Identified the +6 halberd "Esazi" {speed, Str+4} (You found it on level 9 of a ziggurat)
102345 | Zig:10   | Entered Level 10 of a ziggurat
102375 | Zig:10   | Got a pair of shimmering gloves
102386 | Zig:10   | Identified the +1 pair of gloves of Geizopel {Int+3 Slay+2 Stlth+} (You found it on level 10 of a ziggurat)
102394 | Zig:10   | Got a vibrating graven amulet
102396 | Zig:10   | Identified the amulet "Urug" {Ward rPois rN+ MR+ Slay+2} (You found it on level 10 of a ziggurat)
102414 | Zig:11   | Entered Level 11 of a ziggurat
102441 | Zig:11   | Got a shimmering bronze ring
102443 | Zig:11   | Identified the ring "Vowetib" {rC+ rN+ Int+3 Stlth+} (You found it on level 11 of a ziggurat)
102462 | Zig:12   | Entered Level 12 of a ziggurat
102721 | Zig:12   | Got a transparent great sword
102722 | Zig:12   | Identified the +3 great sword of a treasure trove {venom, rF+ rN+ MR+} (You found it on level 12 of a ziggurat)
102729 | Zig:12   | Got a smoking granite ring
102731 | Zig:12   | Identified the ring "Mifab" {+Fly MR+ Str+4 Slay+2} (You found it on level 12 of a ziggurat)
102740 | Zig:13   | Entered Level 13 of a ziggurat
102831 | Zig:13   | Got a bloodstained dagger
102832 | Zig:13   | Identified the cursed +1 dagger of Qoil {flame, rElec} (You found it on level 13 of a ziggurat)
102839 | Zig:13   | Got a brightly glowing trident
102840 | Zig:13   | Identified the +9 trident "Taehajiy" {pierce, rElec Int+2} (You found it on level 13 of a ziggurat)
102853 | Zig:14   | Entered Level 14 of a ziggurat
102937 | Zig:14   | Got a heavy robe
102948 | Zig:14   | Identified the +3 robe of the Jackalope {rPois Regen+ Dex-5 Stlth+} (You found it on level 14 of a ziggurat)
102979 | Zig:14   | Reached skill level 5 in Ice Magic
102991 | Zig:14   | Learned a level 9 spell: Glaciate
102997 | Zig:14   | Got a scorched gossamer ring
102999 | Zig:14   | Identified the ring of Ewatz {Fire rPois Stlth+} (You found it on level 14 of a ziggurat)
103034 | Zig:15   | Entered Level 15 of a ziggurat
103084 | Zig:15   | Got a ring of the Octopus King
103085 | Zig:15   | Identified a ring of the Octopus King {Wiz AC+1 EV+1 Str+1 Int+1 Dex+1} (You found it on level 15 of a ziggurat)
103091 | Zig:15   | Got an encrusted glaive
103092 | Zig:15   | Identified the +6 glaive of Misery {chop, rElec rN+ Dex+2 Stlth-} (You found it on level 15 of a ziggurat)
103147 | Zig:16   | Entered Level 16 of a ziggurat
103169 | Zig:16   | Reached skill level 27 in Conjurations
103169 | Zig:16   | Reached skill level 10 in Ice Magic
103250 | Zig:17   | Entered Level 17 of a ziggurat
103263 | Zig:17   | Noticed an orb of fire
103263 | Zig:17   | Noticed an orb of fire
103267 | Zig:17   | Killed an orb of fire
103268 | Zig:17   | Killed an orb of fire
103269 | Zig:17   | Noticed an orb of fire
103286 | Zig:17   | Killed an orb of fire
103333 | Zig:17   | Got a shimmering eveningstar
103334 | Zig:17   | Identified the cursed +0 eveningstar of Lassequp {venom, rF+ Int+6} (You found it on level 17 of a ziggurat)
103349 | Zig:17   | Got a crude mace
103350 | Zig:17   | Identified the +6 mace of Indomitability {vamp, rPois rF- rC+++ MR+} (You found it on level 17 of a ziggurat)
103361 | Zig:17   | Identified the Handbook of Floating Arcane Weapons
103449 | Zig:18   | Entered Level 18 of a ziggurat
103472 | Zig:18   | Reached skill level 15 in Ice Magic
103565 | Zig:18   | Got a crude gold dragon armour
103576 | Zig:18   | Identified the +7 gold dragon armour of Daffodils {rPois rF+ rC+ Str-2 Int+7} (You found it on level 18 of a ziggurat)
103618 | Zig:18   | Identified a +1 pair of boots of running (You found it on level 18 of a ziggurat)
103657 | Zig:19   | Entered Level 19 of a ziggurat
103744 | Zig:19   | Learned a level 6 spell: Haste
103746 | Zig:19   | Identified Vibokoc's Catalogue of Poisonous Confrontation
103751 | Zig:19   | Got a heavily runed golden amulet
103753 | Zig:19   | Identified the amulet "Peemo" {rMut Int+4 Slay+3} (You found it on level 19 of a ziggurat)
103759 | Zig:19   | Got a bone mace
103760 | Zig:19   | Identified the +7 mace "Teafupye" {drain, SInv} (You found it on level 19 of a ziggurat)
103763 | Zig:19   | Identified The Intricacies of Wizardry
103782 | Zig:19   | Got a glittering iron ring
103783 | Zig:19   | Identified the ring of Qaluetsa {+/*Tele Slay+3} (You found it on level 19 of a ziggurat)
103855 | Pan      | Took an exit into the Abyss.
103855 | Abyss:1  | Escaped into the Abyss
103865 | Abyss:1  | Found a shattered altar of Ashenzari.
104049 | Depths:3 | Escaped the Abyss
104346 | Lair:1   | Learned a level 8 spell: Controlled Blink
104537 | Depths:1 | Reached skill level 1 in Translocations
104981 | Zot:4    | Reached skill level 5 in Translocations
105693 | Zot:5    | Entered Level 5 of the Realm of Zot
106176 | Zot:5    | Reached skill level 10 in Translocations
106477 | Zot:5    | Noticed an orb of fire
106485 | Zot:5    | Killed an orb of fire
106532 | Zot:5    | Noticed an orb of fire
106840 | Zot:5    | Killed an orb of fire
107024 | Zot:5    | Noticed an orb of fire
107031 | Zot:5    | Killed an orb of fire
107463 | Zot:5    | Noticed an ancient lich
107466 | Zot:5    | Killed an ancient lich
107466 | Zot:5    | Reached skill level 15 in Translocations
107649 | Zot:5    | Noticed an ancient lich
107652 | Zot:5    | Killed an ancient lich
107765 | Zot:5    | Noticed an orb of fire
107770 | Zot:5    | Killed an orb of fire
107883 | Zot:5    | Noticed an orb of fire
107887 | Zot:5    | Killed an orb of fire
108036 | Zot:5    | Noticed an orb of fire
108044 | Zot:5    | Killed an orb of fire
108870 | Zot:5    | Noticed an ancient lich
108872 | Zot:5    | Killed an ancient lich
109094 | Pan      | Entered Pandemonium
109123 | Pan      | Entered the realm of Lom Lobon.
110114 | Pan      | Noticed Lom Lobon
110194 | Pan      | Killed Lom Lobon
110229 | Pan      | Got a magical rune of Zot
110437 | Pan      | Found an exit through the horrors of the Abyss.
110652 | Pan      | Found an exit through the horrors of the Abyss.
110771 | Pan      | Found an exit through the horrors of the Abyss.
110897 | Pan      | Found an exit through the horrors of the Abyss.
111424 | Pan      | Noticed Woapsad the pandemonium lord
111428 | Pan      | Killed Woapsad the pandemonium lord
111894 | Pan      | Reached skill level 27 in Spellcasting
111922 | Pan      | Reached skill level 1 in Air Magic
112139 | Pan      | Found an exit through the horrors of the Abyss.
112302 | Pan      | Entered the realm of Cerebov.
112358 | Pan      | Reached skill level 5 in Air Magic
112513 | Pan      | Found an exit through the horrors of the Abyss.
112917 | Pan      | Noticed Cerebov
113380 | Pan      | Reached skill level 10 in Air Magic
113697 | Pan      | Killed Cerebov
113893 | Pan      | Got a fiery rune of Zot
114043 | Pan      | Took an exit into the Abyss.
114043 | Abyss:1  | Escaped into the Abyss
114501 | Abyss:2  | Found a corrupted altar of Lugonu.
115332 | Abyss:3  | Reached skill level 15 in Air Magic
115612 | Abyss:4  | Found a corrupted altar of Lugonu.
115627 | Abyss:4  | Got an abyssal rune of Zot
116121 | Depths:4 | Escaped the Abyss
116458 | Lair:1   | Learned a level 9 spell: Tornado
116727 | Pan      | Entered Pandemonium
117632 | Pan      | Found a glowing silver altar of Zin.
118435 | Pan      | Reached skill level 10 in Evocations
118618 | Pan      | Found a glowing golden altar of the Shining One.
118619 | Pan      | Noticed a seraph
118627 | Pan      | Killed a seraph
119088 | Pan      | Found an exit through the horrors of the Abyss.
119363 | Pan      | Noticed Meuh the pandemonium lord
119368 | Pan      | Killed Meuh the pandemonium lord
119745 | Pan      | Reached skill level 15 in Evocations
119934 | Pan      | Found a runed door.
119943 | Pan      | Found a runed door.
119960 | Pan      | Found a runed door.
119966 | Pan      | Noticed Utwu the pandemonium lord
119971 | Pan      | Killed Utwu the pandemonium lord
119990 | Pan      | Found a runed door.
120089 | Pan      | Entered the realm of Mnoleg.
120165 | Pan      | Found an exit through the horrors of the Abyss.
120778 | Pan      | Noticed Mnoleg
120791 | Pan      | Killed Mnoleg
120916 | Pan      | Got a glowing rune of Zot
121074 | Pan      | Found an exit through the horrors of the Abyss.
121280 | Pan      | Noticed Curridat the pandemonium lord
121286 | Pan      | Killed Curridat the pandemonium lord
121455 | Pan      | Entered the realm of Gloorx Vloq.
121891 | Pan      | Noticed Gloorx Vloq
121901 | Pan      | Killed Gloorx Vloq
121919 | Pan      | Got a dark rune of Zot
122565 | Pan      | Found an exit through the horrors of the Abyss.
122645 | Pan      | Took an exit into the Abyss.
122645 | Abyss:1  | Escaped into the Abyss
122645 | Abyss:1  | Found a corrupted altar of Lugonu.
122674 | Abyss:1  | Found a corrupted altar of Lugonu.
122692 | Depths:3 | Escaped the Abyss
122729 | Hell     | Entered the Vestibule of Hell
122729 | Hell     | Noticed Geryon
122734 | Hell     | Killed Geryon
122801 | Hell     | Found a gateway to the decaying netherworld of Tartarus.
122810 | Tar:1    | Entered Level 1 of Tartarus
124165 | Tar:6    | Lost strength.
124436 | Depths:4 | Voluntarily entered the Abyss.
124469 | Abyss:1  | Found a corrupted altar of Lugonu.
125129 | Depths:4 | Escaped the Abyss
125719 | Tar:7    | Entered Level 7 of Tartarus
126921 | Tar:7    | Noticed the Serpent of Hell
126932 | Tar:7    | Killed the Serpent of Hell
126985 | Tar:7    | Got a shimmering demon blade
126991 | Tar:7    | Identified the +9 demon blade of the Lair of Beasts {venom, Str+4} (You found it on level 7 of Tartarus)
127426 | Tar:7    | Noticed Ereshkigal
127443 | Tar:7    | Killed Ereshkigal
127475 | Tar:7    | Got a bone rune of Zot
127738 | Hell     | Found a gateway to the freezing wastes of Cocytus.
127784 | Coc:1    | Entered Level 1 of Cocytus
128116 | Coc:3    | Reached skill level 27 in Evocations
128203 | Coc:3    | Reached skill level 15 in Fighting
128418 | Coc:7    | Entered Level 7 of Cocytus
128709 | Coc:7    | Cast into the Abyss (the power of Zot)
128709 | Abyss:1  | Found a corrupted altar of Lugonu.
128743 | Coc:7    | Escaped the Abyss
129428 | Coc:7    | Noticed Antaeus
129445 | Coc:7    | Killed Antaeus
129454 | Coc:7    | Got a faintly glowing iron ring
129456 | Coc:7    | Identified the ring of Rycieb {rPois MR++ Int+2 Dex+4} (You took it off Antaeus on level 7 of Cocytus)
129476 | Coc:7    | Got an icy rune of Zot
129915 | Hell     | Found a gateway to the Iron City of Dis.
129929 | Dis:1    | Entered Level 1 of the Iron City of Dis
130378 | Dis:2    | Found a huge runed gate.
130378 | Dis:2    | Found a huge runed gate.
130378 | Dis:2    | Found a huge runed gate.
130378 | Dis:2    | Found a huge runed gate.
130378 | Dis:2    | Found a huge runed gate.
130930 | Dis:7    | Entered Level 7 of the Iron City of Dis
131522 | Dis:7    | Noticed Dispater
131545 | Dis:7    | Killed Dispater
131591 | Dis:7    | Got an iron rune of Zot
131705 | Hell     | Found a gateway to the ashen valley of Gehenna.
131721 | Geh:1    | Entered Level 1 of Gehenna
132025 | Geh:7    | Entered Level 7 of Gehenna
132961 | Geh:7    | Noticed Asmodeus
132971 | Geh:7    | Killed Asmodeus
133013 | Geh:7    | Got an obsidian rune of Zot
134217 | Crypt:3  | Noticed an ancient lich
134221 | Crypt:3  | Killed an ancient lich
134238 | Crypt:3  | Found a shimmering altar of Xom.
134501 | Crypt:3  | Noticed Boris
134503 | Crypt:3  | Killed Boris
134510 | Crypt:3  | Noticed Mennas
134525 | Crypt:3  | Killed Mennas
134558 | Crypt:3  | Noticed Donald
134568 | Crypt:3  | Killed Donald
135197 | Crypt:3  | Found a staircase to the Tomb.
135334 | Tomb:1   | Entered Level 1 of the Tomb of the Ancients
137204 | Tomb:1   | Reached skill level 27 in Fighting
137930 | Tomb:3   | Entered Level 3 of the Tomb of the Ancients
138424 | Tomb:3   | Got a translucent copper amulet
138425 | Tomb:3   | Identified the amulet "Jugeost" {Faith rN+++ Dex+4} (You found it on level 3 of the Tomb of the Ancients)
138454 | Tomb:3   | Got an ivory lajatang
138455 | Tomb:3   | Identified the +12 lajatang of Veoshrat {slice, Dex+4 Stlth+} (You found it on level 3 of the Tomb of the Ancients)
138508 | Tomb:3   | Got a golden rune of Zot
140179 | Zot:5    | Noticed an ancient lich
140182 | Zot:5    | Killed an ancient lich
140272 | Zot:5    | Got the Orb of Zot
140961 | D:$      | Escaped with the Orb!

Action                   |  1- 3 |  4- 6 |  7- 9 | 10-12 | 13-15 | 16-18 | 19-21 | 22-24 | 25-27 || total
-------------------------+-------+-------+-------+-------+-------+-------+-------+-------+-------++-------
Melee: Dagger            |    11 |    36 |   188 |   425 |       |       |       |       |       ||   660
       Whip              |       |       |       |    22 |   584 |   405 |       |       |       ||  1011
       Halberd           |       |       |       |       |     4 |       |       |       |       ||     4
       Quick blade       |       |       |       |       |       |   116 |   332 |   141 |       ||   589
       Staff             |       |       |       |       |       |       |    29 |    50 |       ||    79
       Short sword       |       |       |       |       |       |       |       |    31 |  4361 ||  4392
Throw: Throwing net      |       |       |       |     1 |       |       |       |       |       ||     1
 Cast: Flame Tongue      |    47 |   136 |   134 |    51 |     5 |       |       |       |       ||   373
       Conjure Flame     |     3 |    13 |     9 |    15 |     4 |       |       |       |       ||    44
       Sticky Flame      |       |     5 |    52 |   149 |   215 |   156 |    63 |    49 |    16 ||   705
       Throw Flame       |       |     7 |    27 |    63 |     1 |       |       |       |       ||    98
       Magic Dart        |       |       |    15 |       |       |       |       |       |       ||    15
       Shock             |       |       |    12 |    15 |       |       |       |       |       ||    27
       Fireball          |       |       |     5 |    53 |   158 |    89 |    10 |       |       ||   315
       Freeze            |       |       |       |     9 |     2 |     6 |     5 |     6 |       ||    28
       Poison Arrow      |       |       |       |     3 |    26 |   328 |   159 |    77 |    48 ||   641
       Delayed Fireball  |       |       |       |     3 |    14 |     7 |     2 |       |     1 ||    27
       Bolt of Draining  |       |       |       |       |    28 |     2 |     6 |       |       ||    36
       Bolt of Fire      |       |       |       |       |    97 |   106 |    21 |     4 |    38 ||   266
       Conjure Ball Ligh |       |       |       |       |    45 |    56 |   125 |    14 |    16 ||   256
       Blink             |       |       |       |       |       |     2 |       |     7 |    30 ||    39
       Sublimation of Bl |       |       |       |       |       |     1 |       |       |       ||     1
       Repel Missiles    |       |       |       |       |       |     2 |     3 |     3 |    13 ||    21
       Fire Storm        |       |       |       |       |       |       |    68 |   253 |   872 ||  1193
       Swiftness         |       |       |       |       |       |       |       |     1 |       ||     1
       Necromutation     |       |       |       |       |       |       |       |       |   472 ||   472
       Orb of Destructio |       |       |       |       |       |       |       |       |   185 ||   185
       Glaciate          |       |       |       |       |       |       |       |       |   686 ||   686
       Tornado           |       |       |       |       |       |       |       |       |   178 ||   178
       Controlled Blink  |       |       |       |       |       |       |       |       |    48 ||    48
       Haste             |       |       |       |       |       |       |       |       |    30 ||    30
       Statue Form       |       |       |       |       |       |       |       |       |     3 ||     3
 Abil: Evoke Invisibilit |       |       |       |     4 |       |       |       |       |       ||     4
       Release Delayed F |       |       |       |     3 |    13 |     8 |     1 |       |       ||    25
       Evoke Flight      |       |       |       |       |       |     1 |       |       |       ||     1
       End Transformatio |       |       |       |       |       |       |       |       |    19 ||    19
Evoke: Wand              |       |       |       |     1 |     8 |     5 |     1 |     3 |    29 ||    47
       Crystal ball of e |       |       |       |       |       |       |       |       |   205 ||   205
       Disc of storms    |       |       |       |       |       |       |       |       |    38 ||    38
       Fan of gales      |       |       |       |       |       |       |       |       |     5 ||     5
       Phantom mirror    |       |       |       |       |       |       |       |       |     4 ||     4
       Lamp of fire      |       |       |       |       |       |       |       |       |     3 ||     3
       Phial of floods   |       |       |       |       |       |       |       |       |     2 ||     2
       Deck              |       |       |       |       |       |       |       |       |     1 ||     1
       Stone of tremors  |       |       |       |       |       |       |       |       |     1 ||     1
       Sack of spiders   |       |       |       |       |       |       |       |       |     1 ||     1
  Use: Scroll            |     5 |     9 |     9 |    19 |    15 |    29 |     9 |    18 |    85 ||   198
       Potion            |       |     2 |     1 |     3 |     2 |     4 |     3 |     6 |    46 ||    67
 Stab: Sleeping          |     2 |     1 |     2 |     6 |     2 |       |       |       |     6 ||    19
       Distracted        |       |       |     1 |       |     1 |     1 |       |       |    18 ||    21
       Invisible         |       |       |       |     8 |       |     4 |       |       |       ||    12
       Confused          |       |       |       |       |       |       |       |       |     1 ||     1
  Eat: Chunk             |     2 |    15 |    25 |    16 |    74 |    37 |    44 |    89 |    38 ||   340
       Meat ration       |       |       |       |     5 |       |     6 |     5 |     5 |     4 ||    25
       Pizza             |       |       |       |     4 |     2 |     2 |     1 |     1 |       ||    10
       Royal jelly       |       |       |       |     2 |     3 |     8 |       |     1 |       ||    14
       Beef jerky        |       |       |       |     1 |     5 |     2 |     2 |       |     1 ||    11
       Fruit             |       |       |       |     1 |       |       |     3 |     7 |     6 ||    17
       Bread ration      |       |       |       |     1 |     4 |     9 |     5 |    10 |     7 ||    36
